 Dungeon Crawl Stone Soup version 0.30-a0-737-gf23d94013f (webtiles) character file.

Game seed: 11603675364230085092

2148 cheesebisquit the Cleaver (level 9, -2/70 HPs)
             Began as a Minotaur Berserker on Feb 1, 2023.
             Was a Priest of Trog.
             Slain by a killer bee (4 damage)
             ... on level 7 of the Dungeon.
             The game lasted 00:15:35 (5165 turns).

cheesebisquit the Cleaver (Minotaur Berserker)      Turns: 5165, Time: 00:15:35

Health: -2/70      AC:  9    Str: 25    XL:     9   Next: 9%
Magic:  8/8        EV:  8    Int:  4    God:    Trog [***...]
Gold:   231        SH:  3    Dex: 11    Spells: 8/8 levels left

rFire   . . .      SeeInvis .    x - +0 war axe
rCold   . . .      Faith    .    C - +0 buckler
rNeg    + . .      Spirit   .    d - +0 chain mail
rPois   .          Reflect  .    (helmet restricted)
rElec   .          Harm     .    a - +0 cloak
rCorr   +          Rampage  .    (no gloves)
Will    ++...                    (no boots) Stlth
                                 (no amulet)
HPRegen 1.31/turn                g - ring of positive energy
MPRegen 0.11/turn                v - ring of resist corrosion

@: lethally poisoned (-2 -> -8), strong-willed, regenerating
A: horns 2, retaliatory headbutt
a: Renounce Religion, Berserk, Trog's Hand


You were on level 7 of the Dungeon.
You worshipped Trog.
Trog was most pleased with you.
You visited 1 branch of the dungeon, and saw 7 of its levels.

You collected 231 gold pieces.

Inventory:

Hand Weapons
 b - a +2 heavy hammer
 w - the +0 short sword of Past Mistakes {spect, Will+ Str+5}
   (You found it on level 5 of the Dungeon)

   Str:       It affects your strength (+5).
   Will:      It increases your willpower.
 x - a +0 war axe (weapon)
Missiles
 r - 6 poisoned darts (quivered)
Armour
 a - a +0 cloak (worn)
 d - a +0 chain mail (worn)
 C - a +0 buckler (worn)
Jewellery
 g - a ring of positive energy (left hand)
 v - a ring of resist corrosion (right hand)
Wands
 f - a wand of flame (12)
 o - a wand of iceblast (14)
Scrolls
 c - a scroll of vulnerability
 e - 8 scrolls of teleportation
 i - a scroll of immolation
 k - a scroll of fog
 l - a scroll of silence
 m - a scroll of magic mapping {unknown}
 s - a scroll of fear
 y - a scroll of enchant weapon {unknown}
 B - a scroll of summoning {unknown}
Potions
 h - a potion of magic {unknown}
 j - a potion of ambrosia {unknown}
 n - a potion of cancellation {unknown}
 p - 3 potions of mutation
 q - a potion of invisibility {unknown}
 t - a potion of lignification
 u - a potion of degeneration {unknown}
 z - a potion of might {unknown}
 A - a potion of flight {unknown}


   Skills:
 - Level 3.6 Fighting
 + Level 14.5 Axes
 - Level 2.4 Armour
 - Level 2.1 Dodging


You had 8 spell levels left.
You didn't know any spells.
Your spell library was empty.

Dungeon Overview and Level Annotations

Branches:
Dungeon (7/15)
 Temple: D:4-7

Altars:
Ashenzari
Cheibriados
Dithmenos
Makhleb
Ru
Wu Jian


Innate Abilities, Weirdness & Mutations

You have a pair of horns on your head.
You reflexively headbutt those who attack you in melee.


Message History

Items here: ) [[ †.
C - a +0 buckler You start putting on your armour.
You continue putting on your +0 buckler. x4
The killer bee buzzes angrily.
You hear an angry buzzing noise. x2
The killer bee stings you.
You finish putting on your +0 buckler.
You slash the killer bee! You headbutt the killer bee!
You kill the killer bee!
Trog accepts your kill.
A killer bee comes into view.
The killer bee stings you but does no damage.
The killer bee stings you.
You completely miss the killer bee. The killer bee stings you!
You closely miss the killer bee. Your headbutt misses the killer bee.
The killer bee stings you but does no damage.
The killer bee stings you.
You completely miss the killer bee. You slash the killer bee!
The killer bee stings you.
You are poisoned.
The killer bee poisons you! You block the killer bee's attack.
You barely miss the killer bee. Your headbutt misses the killer bee.
You completely miss the killer bee.
You feel sick. The killer bee stings you.
* * * LOW HITPOINT WARNING * * *
The killer bee barely misses you. You furiously retaliate!
You headbutt the killer bee!
The killer bee stings you but does no damage.
The killer bee stings you.
* * * LOW HITPOINT WARNING * * *
Your skin crawls.
You feel strong-willed.
You feel sick. The killer bee stings you.
* * * LOW HITPOINT WARNING * * *
The killer bee stings you.
* * * LOW HITPOINT WARNING * * *
The killer bee stings you.
* * * LOW HITPOINT WARNING * * *
You are lethally poisoned!
The killer bee poisons you! The killer bee stings you.
You die...

#####
####...#
#......#
#...y..#
#y@)##
#....#
##...#
#...#
#...#
#...#
#...#
#...#
#...#


You could see 2 killer bees.

Vanquished Creatures
  Sigmund (D:2)
  Eustachio (D:6)
  A steam dragon (D:7)
  4 ice beasts
  A sky beast (D:5)
  A black bear (D:6)
  An ogre (D:5)
  A centaur (D:6)
  A phantom (D:5)
  4 bullfrogs
  A gnoll sergeant (D:7)
  A killer bee (D:7)
  A howler monkey (D:5)
  Crazy Yiuf (D:5)
  4 hounds
  A jelly (D:6)
  An orc wizard (D:3)
  3 iguanas
  4 gnolls (D:6)
  10 adders
  A white imp (D:5)
  3 worms (D:2)
  4 dart slugs
  9 orcs
  An endoplasm (D:1)
  3 giant cockroaches
  8 goblins
  9 hobgoblins
  A quokka (D:2)
  10 ball pythons
  6 bats
  4 frilled lizards
  12 kobolds
  6 rats
120 creatures vanquished.

Vanquished Creatures (others)
  A plant (D:3)
1 creature vanquished.

Grand Total: 121 creatures vanquished

Notes
Turn   | Place    | Note
-------+----------+-------------------------------------------
     0 | D:1      | cheesebisquit the Minotaur Berserker began the quest for
                  | the Orb.
     0 | D:1      | Reached XP level 1. HP: 19/19 MP: 0/0
    52 | D:1      | Reached skill level 4 in Axes
   147 | D:1      | Found a faded altar of an unknown god.
   179 | D:1      | Reached XP level 2. HP: 26/26 MP: 1/1
   690 | D:2      | Reached skill level 5 in Axes
   829 | D:2      | Reached XP level 3. HP: 15/31 MP: 2/2
   951 | D:2      | Reached ** piety under Trog
  1010 | D:2      | Noticed Sigmund
  1137 | D:2      | Reached skill level 6 in Axes
  1137 | D:2      | Reached XP level 4. HP: 37/39 MP: 3/3
  1682 | D:2      | Killed Sigmund
  1683 | D:2      | Reached skill level 8 in Axes
  1683 | D:2      | Reached XP level 5. HP: 16/45 MP: 4/4
  1862 | D:3      | Reached XP level 6. HP: 45/51 MP: 5/5
  1956 | D:3      | Found a broken altar of Ashenzari.
  2167 | D:3      | Found a shadowy altar of Dithmenos.
  2210 | D:3      | Reached skill level 9 in Axes
  2266 | D:3      | Reached *** piety under Trog
  2699 | D:5      | Entered Level 5 of the Dungeon
  2782 | D:5      | Found an ornate altar of the Wu Jian Council.
  2812 | D:5      | Found a sacrificial altar of Ru.
  2827 | D:5      | Noticed an ice beast
  2833 | D:5      | Killed an ice beast
  2834 | D:5      | Reached XP level 7. HP: 57/57 MP: 6/6
  2879 | D:5      | Reached skill level 10 in Axes
  3123 | D:5      | Reached skill level 11 in Axes
  3447 | D:5      | Reached XP level 8. HP: 37/64 MP: 7/7
  3535 | D:5      | Identified the +0 short sword of Past Mistakes {spect,
                  | Will+ Str+5}
  3591 | D:5      | Found a runed translucent door.
  3592 | D:5      | Noticed Crazy Yiuf
  3599 | D:5      | Killed Crazy Yiuf
  3931 | D:6      | Reached skill level 12 in Axes
  4034 | D:6      | Noticed Eustachio
  4057 | D:6      | Killed Eustachio
  4107 | D:6      | Reached skill level 13 in Axes
  4782 | D:6      | Found a burning altar of Makhleb.
  5025 | D:7      | Found a snail-covered altar of Cheibriados.
  5047 | D:7      | Reached skill level 14 in Axes
  5064 | D:7      | Reached XP level 9. HP: 49/70 MP: 8/8
  5165 | D:7      | HP: 2/70 [killer bee (4)]
  5165 | D:7      | Slain by a killer bee

Illustrated notes

Levels and vault maps discovered:
D:1:      dpeg_arrival_rooms_c, layout_rooms, chequers_ecumenical_altar_simple,
          grunt_decor_arrowhead, kennysheep_crisscross, minmay_pentomino_v2
D:2:      layout_loops_ring, grunt_ministairs_11, kennysheep_generic_room_12,
          uniq_sigmund
D:3:      corexii_shack_village, layout_rooms, ashenzari_altar_1,
          nicolae_dithmenos_through_a_glass_darkly
D:4:      cheibrodos_helix_gallery, layout_loops_cross,
          kennysheep_orc_sif_temple, serial_bayou_pond_b
D:5:      layout_gridville, mainiacjoe_overflow_alcove_4,
          mainiacjoe_overflow_chevrons, nicolae_underground_beach,
          uniq_crazy_yiuf_cottage
D:6:      layout_loops_ring, marbit_many_paths, portal_sewer_entry_e,
          columned_hall_lemuel, uniq_eustachio
D:7:      kennysheep_spiral_hall, layout_basic, kennysheep_slug_shrine,
          lemuel_temple_firewalk_b, grunt_decor_mini_mirrors,
          nicolae_wooded_promenade

Skill      XL: |  1  2  3  4  5  6  7  8 |
---------------+-------------------------+-----
Axes           | 4 5 6 8 9 11 14 | 14.5
Fighting       | |  3.6
Armour         | |  2.4
Dodging        | |  2.1

Action                     |  1- 3 |  4- 6 |  7- 9 || total
---------------------------+-------+-------+-------++-------
  Melee: Hand axe          |    73 |   124 |    61 ||   258
         Headbutt          |     8 |    24 |    27 ||    59
         Unarmed           |       |    27 |       ||    27
         War axe           |       |       |   114 ||   114
         Punch             |       |       |     1 ||     1
  Throw: Dart              |       |     2 |       ||     2
 Invoke: Trog's Hand       |       |     1 |     4 ||     5
         Berserk           |       |     1 |     1 ||     2
    Use: Scroll            |     2 |       |     5 ||     7
         Potion            |       |     2 |       ||     2
 Armour: Animal skin       |     4 |       |       ||     4
         Chain mail        |    21 |    58 |    68 ||   147
         Skin              |       |    16 |       ||    16
  Dodge: Dodged            |    44 |    36 |    61 ||   141
  Block: Buckler           |       |       |     1 ||     1

Table legend: (Time is in decaauts)
 A = Elapsed time spent in this place.
 B = Non-inter-level travel time spent in this place.
 C = Inter-level travel time spent in this place.
 D = Time resting spent in this place.
 E = Time spent auto-exploring this place.
 F = Levels seen in this place.
 G = Mean time per level.
                   A        B        C        D        E       F      G
               +--------+--------+--------+--------+--------+-----+--------+
         Total |   5155 |   4890 |    265 |     80 |   3944 |   7 |  736.4 |
       Dungeon |   5155 |   4890 |    265 |     80 |   3944 |   7 |  736.4 |
               +--------+--------+--------+--------+--------+-----+--------+

Top non-repeatable levels by time:
     D:2: 1296 daAuts
     D:6: 1273 daAuts
     D:5: 1039 daAuts
     D:3: 653 daAuts
     D:1: 606 daAuts
     D:4: 145 daAuts
     D:7: 140 daAuts
